 Dungeon Crawl Stone Soup version 0.29-a0-664-gff9cad4a3d (webtiles) character file.

Game seed: 8236432630842354906

386 gobodom the Covered (level 7, -2/57 HPs)
             Began as a Meteoran Wanderer on June 23, 2022.
             Slain by an unseen horror (7 damage)
             ... on level 5 of the Dungeon.
             The game lasted 00:14:16 (1842 turns).

gobodom the Covered (Meteoran Wanderer)             Turns: 1842, Time: 00:14:17

Health: -2/57      AC:  8    Str: 15    XL:     7   Next: 28%
Magic:  8/8        EV: 11    Int: 13    God:
Gold:   142        SH:  0    Dex: 21    Spells: 6/6 levels left

rFire   . . .      SeeInvis .   a - +0 quarterstaff
rCold   . . .      Faith    .   (shield currently unavailable)
rNeg    . . .      Spirit   .   i - +0 ring mail
rPois   .          Reflect  .   (no helmet)
rElec   .          Harm     .   (no cloak)
rCorr   .          Rampage  .   (no gloves)
Will    .....                   e - +0 pair of boots
Stlth   +.........              (no amulet)
HPRegen 0.19/turn               w - +6 ring of dexterity
MPRegen 0.11/turn               (no ring)

@: glowing
A: sense surroundings 1, otherworldly, glowing, explore regen
a: no special abilities


You were on level 5 of the Dungeon.
You visited 1 branch of the dungeon, and saw 4 of its levels.

You collected 142 gold pieces.

Inventory:

Hand Weapons
 a - a +0 quarterstaff (weapon)
 h - a +1 hunting sling of flaming
 z - a +0 arbalest
Missiles
 s - 2 atropa-tipped darts (quivered)
 y - 2 javelins
Armour
 b - a +0 chain mail
 e - a +0 pair of boots (worn)
 i - a +0 ring mail (worn)
Jewellery
 w - a +6 ring of dexterity (left hand)
Wands
 p - a wand of charming (4)
Scrolls
 t - a scroll of fog {unknown}
 u - 3 scrolls of teleportation {unknown}
 v - 3 scrolls of identify {unknown}
 x - 2 scrolls of vulnerability {unknown}
 A - a scroll of enchant armour {unknown}
Potions
 c - 5 potions of curing
 d - a potion of might
 f - a potion of ambrosia {unknown}
 g - a potion of degeneration {unknown}
 j - a potion of heal wounds {unknown}
 k - a potion of berserk rage {unknown}
 m - 2 potions of magic {unknown}
 n - a potion of lignification {unknown}
 o - 2 potions of attraction {unknown}
 q - 2 potions of brilliance {unknown}
 r - a potion of invisibility {unknown}


   Skills:
 + Level 3.1 Fighting
 + Level 5.6 Staves
 + Level 1.7 Throwing
 + Level 7.5 Armour
 + Level 1.8 Dodging
 + Level 0.1 Stealth
 + Level 1.3 Evocations


You had 6 spell levels left.
You didn't know any spells.
Your spell library was empty.

Dungeon Overview and Level Annotations

Branches:
Dungeon (5/15) Zot: 526
 Temple: D:4-7

Altars:
Qazlal
Xom

Annotations:
D:5 1 transporter


Innate Abilities, Weirdness & Mutations

You passively map a small area around you.
You are easily found by Zot.
You glow in the dark.
You regain HP and MP as you explore.


Message History

The troll attacks as you move away! The troll bites you!
* * * LOW HITPOINT WARNING * * *
The troll closely misses you. The troll claws you.
* * * LOW HITPOINT WARNING * * *
Found a transporter.
Something completely misses you. The troll bites your jackal.
The troll barely misses your jackal. The troll claws your jackal!
Your jackal dies!
Something hits you but does no damage.
Deactivating autopickup; reactivate with Ctrl-A.
The adder misses you. Something completely misses you.
The adder attacks as you move away! The adder barely misses you.
Found 14 gold pieces and 6 stones.
Something hits you.
* * * LOW HITPOINT WARNING * * *
The adder bites you but does no damage. The adder attacks as you move away!
The adder bites you but does no damage. Something hits you.
* * * LOW HITPOINT WARNING * * *
Something hits you.
* * * LOW HITPOINT WARNING * * *
The adder bites you but does no damage. The adder bites you but does no damage.
The adder attacks as you move away! The adder completely misses you.
The adder attacks as you move away!
The adder bites you but does no damage. x2
The ogre attacks as you move away! The ogre hits you with a +0 giant club!
* * * LOW HITPOINT WARNING * * *
The adder attacks as you move away! The adder bites you but does no damage.
Something hits you!
* * * LOW HITPOINT WARNING * * *
Something hits you but does no damage. Something hits you.
* * * LOW HITPOINT WARNING * * *
Something hits you but does no damage. Something hits you but does no damage.
Something hits you.
* * * LOW HITPOINT WARNING * * *
Something hits you!
* * * LOW HITPOINT WARNING * * *
Something hits you!
You die...

...........#.. ,
...........########. , ,
.......####........# , *
........##.......#. , ,
..................
#...####......#.. ., *
###.. *##.....#.#* ...
##..###....##.###..#
#####..#..#.O.S.@....# *
#.#....#....T#......##
,*
..#.......##.###..#.....
, #.........#### #.##
.... ##...........#....
... #........##......##
, .# ,
........##.......# #
##......#........., ,
##..........# , , , *


You could see a troll, an ogre and an adder.

Vanquished Creatures
  A black bear (D:5)
  2 scorpions (D:5)
  4 adders
  2 worms
  3 dart slugs
  3 orcs (D:3)
  7 ball pythons
  6 bats
  9 endoplasms
  A giant cockroach (D:1)
  2 goblins
  12 hobgoblins
  5 jackals
  4 kobolds
  A quokka (D:3)
  2 frilled lizards
  7 rats
71 creatures vanquished.

Vanquished Creatures (collateral kills)
  A howler monkey (D:5)
  An ufetubus (D:5)
2 creatures vanquished.

Vanquished Creatures (others)
  An iguana (D:5)
  A jackal (D:5)
2 creatures vanquished.

Grand Total: 75 creatures vanquished

Notes
Turn   | Place    | Note
-------+----------+-------------------------------------------
     0 | D:1      | gobodom the Meteoran Wanderer began the quest for the Orb.
     0 | D:1      | gobodom set off with the following items: a +0
                  | quarterstaff, a +0 chain mail, a potion of curing, a potion
                  | of might.
     0 | D:1      | Reached XP level 1. HP: 16/16 MP: 2/2
    41 | D:1      | Reached XP level 2. HP: 23/23 MP: 3/3
   147 | D:1      | Reached XP level 3. HP: 26/28 MP: 4/4
   476 | D:2      | Reached skill level 7 in Armour
   476 | D:2      | Reached XP level 4. HP: 32/35 MP: 5/5
   996 | D:2      | Reached XP level 5. HP: 41/41 MP: 6/6
  1076 | D:2      | Glimpsed the power of Zot.
  1126 | D:2      | Glimpsed the power of Zot.
  1490 | D:3      | Found a stormy altar of Qazlal.
  1555 | D:3      | Found a shimmering altar of Xom.
  1656 | D:3      | You fall into a shaft and drop 2 floors!
  1656 | D:5      | Entered Level 5 of the Dungeon
  1721 | D:5      | Reached skill level 1 in Dodging
  1721 | D:5      | Reached XP level 6. HP: 40/50 MP: 7/7
  1753 | D:5      | HP: 1/50 [poisoned by a scorpion]
  1788 | D:5      | Noticed a black bear
  1789 | D:5      | Noticed an ogre
  1795 | D:5      | Killed a black bear
  1796 | D:5      | Reached skill level 5 in Staves
  1796 | D:5      | Reached XP level 7. HP: 49/57 MP: 8/8
  1817 | D:5      | Noticed a troll
  1828 | D:5      | Found a transporter.
  1842 | D:5      | Slain by an unseen horror

Illustrated notes

Levels and vault maps discovered:
D:1:      roderic_chinese_lattice_arrival, layout_rooms
D:2:      layout_loops_cross, grunt_ministairs_9
D:3:      layout_loops_corners, mainiacjoe_overflow_catch_the_wave,
          kennysheep_generic_room_3
D:5:      layout_cave_pools, gammafunk_ghost_smash, serial_shops,
          nicolae_shop_stone, minmay_manual_mess

Skill      XL: |  1  2  3  4  5  6 |
---------------+-------------------+-----
Armour         | 7 |  7.5
Staves         | 3 4 5 |  5.6
Fighting       | 2 3 |  3.1
Dodging        | 1 |  1.8
Throwing       | |  1.7
Stealth        | |  0.1
Evocations     | |  1.3

Action                   |  1- 3 |  4- 6 |  7- 9 || total
-------------------------+-------+-------+-------++-------
Melee: Quarterstaff      |   102 |   104 |     8 ||   214
Throw: Dart              |       |     3 |       ||     3
       Javelin           |       |     2 |       ||     2
Evoke: Wand              |       |     4 |     3 ||     7
  Use: Scroll            |       |     1 |       ||     1
       Potion            |       |     1 |       ||     1
Armor: Chain mail        |   121 |    10 |       ||   131
       Ring mail         |       |    52 |    26 ||    78
Dodge: Dodged            |    46 |    53 |    28 ||   127

Table legend: (Time is in decaauts)
 A = Elapsed time spent in this place.
 B = Non-inter-level travel time spent in this place.
 C = Inter-level travel time spent in this place.
 D = Time resting spent in this place.
 E = Time spent auto-exploring this place.
 F = Levels seen in this place.
 G = Mean time per level.
                   A        B        C        D        E       F      G
               +--------+--------+--------+--------+--------+-----+--------+
         Total |   1872 |   1872 |      0 |      0 |   1018 |   4 |  468.0 |
       Dungeon |   1872 |   1872 |      0 |      0 |   1018 |   4 |  468.0 |
               +--------+--------+--------+--------+--------+-----+--------+

Top non-repeatable levels by time:
     D:2: 719 daAuts
     D:3: 497 daAuts
     D:1: 465 daAuts
     D:5: 189 daAuts
